 Dungeon Crawl Stone Soup version 0.22.3-3-g34f245f157 (webtiles) character file.

322 DrunkBamboolord the Shield-Bearer (level 6, 0/57 HPs)
             Began as a Deep Dwarf Fighter on Apr 8, 2024.
             Was a Follower of Elyvilon.
             Slain by an ogre
             ... wielding a +0 giant club
              (5 damage)
             ... on level 4 of the Dungeon.
             The game lasted 00:16:22 (3259 turns).

DrunkBamboolord the Shield-Bearer (DDFi)            Turns: 3259, Time: 00:16:23

Health: 0/57       AC:  9    Str: 21    XL:     6   Next: 22%
Magic:  7/7        EV:  8    Int:  9    God:    Elyvilon [*.....]
Gold:   92         SH: 10    Dex: 12    Spells: 5/5 levels left

rFire    . . .     SeeInvis .   a - +0 war axe
rCold    . . .     Gourm    .   c - +0 shield
rNeg     . . .     Faith    .   b - +0 scale mail
rPois    .         Spirit   .   d - +0 helmet
rElec    .         Reflect  .   n - +0 cloak
rCorr    .         Harm     .   (no gloves)
MR       .....                  (no boots)
Stlth    ..........             (no amulet)
HPRegen  0.00/turn              (no ring)
MPRegen  0.10/turn              (no ring)

@: protection, non-regenerating
A: damage resistance, heal wounds, sense surroundings 1, no regeneration
a: Heal Wounds, Lesser Healing, Divine Protection, Renounce Religion


You were on level 4 of the Dungeon.
You worshipped Elyvilon.
Elyvilon was aware of your devotion.
You were not hungry.

You visited 1 branch of the dungeon, and saw 4 of its levels.

You collected 92 gold pieces.

Inventory:

Hand Weapons
 a - a +0 war axe (weapon)
Missiles
 e - 169 stones (quivered)
Armour
 b - a +0 scale mail (worn)
 c - a +0 shield (worn)
 d - a +0 helmet (worn)
 n - a +0 cloak (worn)
Wands
 j - a wand of enslavement (15)
Scrolls
 g - 3 scrolls of teleportation
 h - 2 scrolls of remove curse
 i - 3 scrolls of amnesia
 k - 2 scrolls of magic mapping
Potions
 l - 4 potions of heal wounds
 o - a potion of degeneration {unknown}
Comestibles
 f - 6 rations
 m - a chunk of flesh


   Skills:
 * Level 3.9 Fighting
 + Level 3.1 Axes
 * Level 4.6 Armour
 + Level 2.1 Dodging
 * Level 4.7 Shields
 * Level 1.5 Invocations


You had 5 spell levels left.
You didn't know any spells.
Your spell library contained the following spells:

 Spells                   Type           Power        Failure   Level  Hunger
 Confusing Touch          Hex            #.....       99%         1    ##.....
 Confuse                  Hex            #.......     100%        3    ####...
 Gell's Gravitas          Tloc           #.........   100%        3    ####...
 Petrify                  Tmut/Erth      #.......     100%        4    #####..
 Metabolic Englaciation   Hex/Ice        #.........   100%        5    ######.
 Yara's Violent Unravell  Hex/Tmut       #.........   100%        5    ######.


Dungeon Overview and Level Annotations

Branches:
Dungeon (4/15)
 Temple: D:4-7

Altars:
Elyvilon
Nemelex Xobeh
Qazlal
Ru
Zin


Innate Abilities, Weirdness & Mutations

You are resistant to damage.
You can heal yourself by infusing magical energy.
You passively map a small area around you.
You do not regenerate.


Message History

You beseech Elyvilon to protect your life.
You hit the ogre.
The ogre is lightly wounded.
The ogre barely misses you.
You slash the ogre!
The ogre is heavily wounded.
The ogre closely misses you. The ogre hits you with a giant club!
* * * LOW HITPOINT WARNING * * *
Okay, then.
You hit the ogre.
The ogre is severely wounded.
The ogre barely misses you.
You barely miss the ogre.
The ogre is severely wounded.
The ogre hits you with a giant club.
* * * LOW HITPOINT WARNING * * *
You hit the ogre but do no damage.
The ogre is severely wounded.
The ogre hits you with a giant club!
You die...

#..$.?...# #. *
#........#** *###,*.
, +........+ , ..#
#, #........# #.#.##
#...%....######.#...
#....!>.(.(..O.....#
#.....(..######.##.#
#.............#.#*
#..@O.....###.#.#*.#
#########.# #.#.# .#
###+###.#.##.#
#......<.....#
#...........##
#...........#
#...........# * * *
#...........# ,
+...........#


You could see an ogre.

Vanquished Creatures
  An ogre (D:3)
  A hound (D:4)
  Robin (D:3)
  9 adders
  2 oozes
  An adder skeleton (D:4)
  4 worms
  3 leopard geckos
  An orc (D:3)
  A ball python (D:3)
  8 bats
  3 giant cockroaches
  16 goblins
  11 hobgoblins
  3 jackals (D:4)
  3 quokkas
  3 frilled lizards
  12 kobolds
  12 rats
95 creatures vanquished.

Notes
Turn   | Place    | Note
-------+----------+-------------------------------------------
     0 | D:1      | DrunkBamboolord the Deep Dwarf Fighter began the quest for
                  | the Orb.
     0 | D:1      | Reached XP level 1. HP: 20/20 MP: 1/1
   101 | D:1      | Reached XP level 2. HP: 24/27 MP: 2/2
   159 | D:1      | Found a sparkling altar of Nemelex Xobeh.
  1173 | D:2      | Reached XP level 3. HP: 8/34 MP: 3/3
  1209 | D:2      | Found a stormy altar of Qazlal.
  1391 | D:2      | Found a sacrificial altar of Ru.
  1525 | D:2      | Reached skill level 1 in Dodging
  1534 | D:2      | Reached XP level 4. HP: 15/42 MP: 4/4
  2162 | D:3      | Found a glowing silver altar of Zin.
  2164 | D:3      | Found a white marble altar of Elyvilon.
  2176 | D:3      | Became a worshipper of Elyvilon the Healer
  2193 | D:3      | Noticed an ogre
  2201 | D:3      | Killed an ogre
  2201 | D:3      | Reached XP level 5. HP: 9/49 MP: 5/5
  2579 | D:3      | Noticed Robin
  2595 | D:3      | Killed Robin
  2936 | D:3      | Reached skill level 1 in Invocations
  2936 | D:3      | Reached XP level 6. HP: 18/57 MP: 6/6
  3101 | D:4      | Reached * piety under Elyvilon
  3259 | D:4      | Slain by an ogre

Skill      XL: |  1  2  3  4  5  6 |
---------------+-------------------+-----
Fighting       | 3 |  3.9
Dodging        | 1 2 |  2.1
Armour         | 4 |  4.6
Shields        | 4 |  4.7
Axes           | 3 |  3.1
Invocations    | 1 |  1.5

Action                   |  1- 3 |  4- 6 || total
-------------------------+-------+-------++-------
Melee: War axe           |    60 |   168 ||   228
       Dagger            |    60 |    74 ||   134
Throw: Stone             |    10 |    27 ||    37
Invok: Divine Protection |       |     1 ||     1
       Lesser Healing    |       |     1 ||     1
 Abil: Heal Wounds       |       |     1 ||     1
Evoke: Wand              |       |     1 ||     1
  Use: Scroll            |     3 |     2 ||     5
       Potion            |       |     1 ||     1
  Eat: Ration            |     2 |     1 ||     3
       Chunk             |     1 |     3 ||     4
Armor: Scale mail        |    42 |    84 ||   126
Dodge: Dodged            |    27 |    83 ||   110
Block: Shield            |    65 |   121 ||   186
